 Dungeon Crawl Stone Soup version 0.30-a0-591-g3c58d2bc28 (webtiles) character file.

Game seed: 16292377324551619542

2554364 Charly the Black Sun (level 26, 188/188 HPs)
             Began as a Demonspawn Artificer on Jan 5, 2023.
             Was a High Priest of Kikubaaqudgha.
             Escaped with the Orb
             ... and 4 runes!
             The game lasted 03:53:30 (59794 turns).

Charly the Black Sun (Demonspawn Artificer)        Turns: 59794, Time: 03:53:31

Health: 188/188    AC: 38    Str:  8    XL:     26   Next: 48%
Magic:  33/33      EV: 29    Int: 23    God:    Kikubaaqudgha [*****.]
Gold:   2127       SH: 26    Dex: 33    Spells: 2/45 levels left

rFire   + + +      SeeInvis +    b - +18 lance "Wyrmbane" {slay drac, rPois rF+ rC+ AC+3}
rCold   + + .      Faith    .    c - +4 kite shield of Ehufum {rC+ Int+3 Slay+6}
rNeg    + . .      Spirit   .    L - +8 fire dragon scales {Xtahua}
rPois   +          Reflect  .    K - +2 hat {SInv}
rElec   +          Harm     .    n - +2 cloak of Peek-a-Boo {rC+ Will+}
rCorr   +          Rampage  +    q - +0 pair of gloves of the Swamp {Rampage rPois Regen+}
Will    ++...                    (boots unavailable)
Stlth   ++                       H - amulet of the Beloved Coconut {Acrobat +Inv Regen+ Int-5 Slay+3}
HPRegen 2.11/turn                e - ring of Semipuaco {Fly rElec Dex+4}
MPRegen 0.23/turn                C - ring of Lofoats {rN+ rCorr Str-3 Int+3 Dex+7}

@: flying, studying 2 skills
A: hooves 3, icemail 2, sturdy frame 3, condensation shield, demonic magic 3,
corrupting presence 2, word of chaos, agile 1, clever 1, deterioration 2, frail
1, low MP 1, evolution 1
0: Orb of Zot
}: 4/15 runes: barnacled, slimy, silver, gossamer
a: Word of Chaos, Renounce Religion, Evoke Invisibility, Unearth Wretches,
Torment


You escaped.
You worshipped Kikubaaqudgha.
Kikubaaqudgha was extremely pleased with you.
You visited 11 branches of the dungeon, and saw 53 of its levels.
You visited the Abyss 1 time.
You also visited: Sewer, Ossuary, Ice Cave and Desolation.

You collected 7614 gold pieces.
You spent 5487 gold pieces at shops.

Inventory:

Hand Weapons
 a - a +9 rapier of pain
 b - the +18 lance "Wyrmbane" (weapon) {slay drac, rPois rF+ rC+ AC+3}
   (You found it on level 1 of the Spider Nest)

   It inflicts extra damage against dragons and draconians.
   AC:        It affects your AC (+3).
   rF:        It protects you from fire.
   rC:        It protects you from cold.
   rPois:     It protects you from poison.
 Y - a +5 quick blade of venom
Missiles
 Z - 4 throwing nets
Armour
 c - the +4 kite shield of Ehufum (worn) {rC+ Int+3 Slay+6}
   (You took it off Donald on level 4 of the Shoals)

   Int:       It affects your intelligence (+3).
   Slay:      It affects your accuracy & damage with ranged weapons and melee
   (+6).
   rC:        It protects you from cold.
 n - the +2 cloak of Peek-a-Boo (worn) {rC+ Will+}
   (You bought it in a shop on level 4 of the Depths)

   rC:        It protects you from cold.
   Will:      It increases your willpower.
 q - the +0 pair of gloves of the Swamp (worn) {Rampage rPois Regen+}
   (You found it on level 3 of the Dungeon)

   rPois:     It protects you from poison.
   Regen:     It increases your rate of health regeneration.
   Rampage:   It bestows one free step when moving towards enemies.
 u - the +7 Kryia's mail coat {PotionHeal*2 rC+}
   (You found it on level 8 of the Dungeon)

   Potions are twice as effective at healing its wearer.
   rC:        It protects you from cold.
 K - a +2 hat of see invisible (worn)
 L - +8 fire dragon scales (worn) {Xtahua}
Jewellery
 e - the ring of Semipuaco (left hand) {Fly rElec Dex+4}
   (You took it off a deep elf blademaster on level 3 of the Elven Halls)

   [ring of flight]

   Dex:       It affects your dexterity (+4).
   rElec:     It insulates you from electricity.
   Fly:       It grants you flight.
 f - the ring "Miod" {rF+ rCorr}
   (You found it on level 3 of the Elven Halls)

   [ring of protection from fire]

   rF:        It protects you from fire.
   rCorr:     It protects you from acid and corrosion.
 m - a ring of willpower
 p - the ring "Lubiohi" {rPois Str+2 Int+6}
   (You found it in the Desolation of Salt)

   [ring of intelligence]

   Str:       It affects your strength (+2).
   Int:       It affects your intelligence (+6).
   rPois:     It protects you from poison.
 C - the ring of Lofoats (right hand) {rN+ rCorr Str-3 Int+3 Dex+7}
   (You found it on level 1 of the Shoals)

   [ring of resist corrosion]

   Str:       It affects your strength (-3).
   Int:       It affects your intelligence (+3).
   Dex:       It affects your dexterity (+7).
   rN:        It protects you from negative energy.
   rCorr:     It protects you from acid and corrosion.
 H - the amulet of the Beloved Coconut (around neck) {Acrobat +Inv Regen+ Int-5 Slay+3}
   (You bought it in a shop on level 2 of the Orcish Mines)

   [amulet of the acrobat]

   It increases your evasion while moving and waiting.
   Int:       It affects your intelligence (-5).
   Slay:      It affects your accuracy & damage with ranged weapons and melee
   (+3).
   +Inv:      It lets you turn invisible.
   Regen:     It increases your rate of health regeneration.
 R - a ring of magical power
Wands
 d - a wand of charming (5)
 I - a wand of paralysis (25)
 T - a wand of mindburst (3)
 U - a wand of quicksilver (12)
 X - a wand of roots (31)
Scrolls
 h - 42 scrolls of teleportation
 r - 2 scrolls of blinking
 s - 17 scrolls of immolation
 t - 12 scrolls of vulnerability
 D - 8 scrolls of poison
 J - 3 scrolls of magic mapping
 N - a scroll of butterflies
 O - 2 scrolls of enchant armour
 P - 4 scrolls of silence
 Q - 10 scrolls of fear
 V - 3 scrolls of fog
 W - 5 scrolls of torment
Potions
 g - 19 potions of curing
 i - 3 potions of invisibility
 j - 5 potions of heal wounds
 k - 8 potions of attraction
 l - 7 potions of cancellation
 o - 5 potions of might
 v - 9 potions of magic
 y - a potion of ambrosia
 z - 9 potions of brilliance
 B - 7 potions of flight
 E - a potion of haste
 F - 6 potions of berserk rage
 G - 9 potions of mutation
 M - 6 potions of resistance
Miscellaneous
 w - a condenser vane
 x - a tin of tremorstones (2/2)
 A - a box of beasts
 S - a lightning rod (4/4)


   Skills:
 + Level 17.4 Fighting
 - Level 14.0 Short Blades
 - Level 12.0 Polearms
 + Level 11.3 Armour
 + Level 16.6 Dodging
 - Level 10.0 Stealth
 + Level 16.8 Shields
 - Level 10.0 Spellcasting
 - Level 6.0 Conjurations
 - Level 7.5 Hexes
 + Level 24.1 Necromancy
 - Level 5.0 Translocations
 - Level 8.0 Ice Magic
 - Level 5.0 Earth Magic
 - Level 17.5 Evocations


You had 2 spell levels left.
You knew the following spells:

 Your Spells              Type           Power      Damage    Failure   Level
a - Ozocubu's Armour      Ice            48%        N/A       1%          3
b - Blink                 Tloc           68%        N/A       2%          2
d - Dazzling Flash        Conj/Hex       84%        N/A       2%          3
g - Anguish               Hex/Necr       35%        N/A       1%          4
i - Infestation           Necr           44%        N/A       4%          8
p - Passwall              Tmut/Erth      19%        N/A       8%          2
u - Dispel Undead         Necr           89%        3d28      0%          4
v - Borgnjor's Vile Clut  Necr/Erth      34%        N/A       1%          5
z - Death Channel         Necr           44%        N/A       1%          6
S - Simulacrum            Ice/Necr       35%        N/A       3%          6

Your spell library contained the following spells:

 Spells                   Type           Power      Damage    Failure   Level
 Necrotise                Necr           100%       1d9       0%          1
 Sublimation of Blood     Necr           89%        N/A       0%          2
 Freeze                   Ice            100%       1d10      1%          1
 Kiss of Death            Conj/Necr      100%       2d13      1%          1
 Sandblast                Erth           68%        2d15      1%          1
 Slow                     Hex            100%       N/A       1%          1
 Cigotuvi's Dreadful Rot  Necr/Pois/Air  96%        N/A       1%          2
 Ensorcelled Hibernation  Hex/Ice        94%        N/A       1%          2
 Momentum Strike          Conj/Tloc      72%        3d10      2%          2
 Foxfire                  Conj/Fire      100%       2x1d9     4%          1
 Sting                    Tmut/Pois      44%        1d5       14%         1
 Summon Small Mammal      Summ           44%        N/A       14%         1
 Poisonous Vapours        Pois/Air       22%        N/A       22%         2
 Wereblood                Tmut           11%        N/A       22%         2
 Vampiric Draining        Necr           89%        2d12      0%          3
 Animate Dead             Necr           89%        N/A       0%          4
 Confusing Touch          Hex            46%        N/A       1%          3
 Frozen Ramparts          Ice            96%        1d15      1%          3
 Agony                    Necr           89%        N/A       1%          5
 Hailstorm                Conj/Ice       43%        3d10      2%          3
 Portal Projectile        Hex/Tloc       80%        N/A       3%          3
 Stone Arrow              Conj/Erth      72%        3d11      4%          3
 Gell's Gravitas          Tloc           34%        N/A       5%          3
 Lesser Beckoning         Tloc           68%        N/A       5%          3
 Teleport Other           Tloc           34%        N/A       5%          3
 Inner Flame              Hex/Fire       28%        N/A       9%          3
 Summon Guardian Golem    Hex/Summ       28%        N/A       9%          3
 Fulminant Prism          Conj/Hex       21%        3d12      9%          4
 Leda's Liquefaction      Hex/Erth       20%        N/A       11%         4
 Iskenderun's Mystic Bla  Conj/Tloc      36%        2d9       14%         4
 Metabolic Englaciation   Hex/Ice        23%        N/A       16%         5
 Mephitic Cloud           Conj/Pois/Air  20%        N/A       19%         3
 Manifold Assault         Tloc           34%        N/A       19%         4
 Kindle Blastsparks       Fire/Tloc/Air  38%        2d13      22%         3
 Ice Form                 Ice/Tmut       29%        N/A       26%         4
 Summon Ice Beast         Ice/Summ       29%        N/A       26%         4
 Call Canine Familiar     Summ           11%        N/A       38%         3
 Ignite Poison            Fire/Tmut/Pois 11%        N/A       38%         3
 Spider Form              Tmut/Pois      11%        N/A       38%         3
 Flame Wave               Conj/Fire      25%        2d8       38%         4
 Sticky Flame             Conj/Fire      25%        2d5       38%         4
 Animate Armour           Summ/Erth      46%        N/A       45%         4
 Petrify                  Tmut/Erth      23%        N/A       45%         4
 Freezing Cloud           Conj/Ice/Air   16%        6-21      52%         5
 Death's Door             Necr           44%        N/A       58%         9
 Silence                  Hex/Air        14%        N/A       63%         5
 Summon Mana Viper        Hex/Summ       28%        N/A       63%         5
 Haunt                    Necr/Summ      30%        N/A       65%         7
 Irradiate                Conj/Tmut      12%        3d15      75%         5
 Lightning Bolt           Conj/Air       12%        1d26      75%         5
 Airstrike                Air            5%         2d(1-17)  80%         4
 Olgreb's Toxic Radiance  Pois           11%        N/A       80%         4
 Summon Lightning Spire   Summ/Air       11%        N/A       80%         4
 Iron Shot                Conj/Erth      18%        9d4       92%         6
 Dispersal                Tloc           17%        N/A       95%         6
 Alistair's Intoxication  Tmut/Pois      7%         N/A       98%         5
 Blade Hands              Tmut           5%         N/A       98%         5
 Conjure Ball Lightning   Conj/Air       12%        3x3d6     99%         6
 Starburst                Conj/Fire      12%        6d5       99%         6
 Monstrous Menagerie      Summ           5%         N/A       100%        7
 Orb of Destruction       Conj           19%        9d8       100%        7
 Spellforged Servitor     Conj/Summ      12%        N/A       100%        7
 Storm Form               Tmut/Air       5%         N/A       100%        7
 Discord                  Hex            23%        N/A       100%        8
 Disjunction              Tloc           17%        N/A       100%        8
 Lehudib's Crystal Spear  Conj/Erth      18%        10d5      100%        8


Dungeon Overview and Level Annotations

Branches:
Dungeon (15/15)            Temple (1/1) D:6            Lair (5/5) D:8
 Shoals (4/4) Lair:3       Spider (4/4) Lair:2        Slime (5/5) Lair:4
    Orc (2/2) D:9             Elf (3/3) Orc:2        Vaults (5/5) D:13
  Crypt (0/3) Vaults:2     Depths (4/4) D:15            Zot (5/5) Depths:4
  Sewer (visited)         Ossuary (visited)           IceCv (visited)
Desolation (visited)

Altars:
Ashenzari
Cheibriados
Dithmenos
Fedhas
Gozag
Hepliaklqana
Kikubaaqudgha
Makhleb
Nemelex Xobeh
Qazlal
Ru
Trog
Vehumet
Wu Jian
Yredelemnul
Jiyva

Shops:
Orc:1 !   Orc:2 *?*=((   Elf:1 ?   Elf:2 [=[[   Vaults:5 [   Depths:1 :
Depths:4 [

Portals:
Hell: Depths:1 Depths:2 Depths:3 Depths:4
Abyss: Lair:3 Depths:1 Depths:3 Depths:4
Pandemonium: Depths:2 Depths:3
Ziggurat: Depths:4
Trove: D:11 (give 2 scrolls of acquirement)

Annotations:
Shoals:2 Roxanne
Depths:4 4 transporters


Innate Abilities, Weirdness & Mutations

You have hooves in place of feet.
A meltable icy envelope protects you from harm. (AC +8)
Your movements are significantly less encumbered by armour. (ER -6)
A meltable shield of frost defends you. (SH +4)
Spells you cast and wands you use may paralyse nearby enemies.
Your presence sometimes corrodes or deforms those you injure.
You can speak a Word of Chaos.
You are agile. (Dex +4, Str/Int -1)
Your mind is acute. (Int +4, Str/Dex -1)
Your body often deteriorates upon taking damage.
You are frail. (-10% HP)
Your magical capacity is low. (-10% MP)
You have hidden genetic potential.


Message History

There is a stone staircase leading down here.
You rampage towards the reaper!
You block the reaper's attack.
You reach to attack!
You hit the reaper but do no damage.
You reach to attack!
You hit the reaper.
The reaper is lightly wounded.
The reaper hits you from afar with a +2 scythe of venom!
You reach to attack!
You impale the reaper!!
The reaper is moderately wounded.
You reach to attack!
You impale the reaper!!
The reaper is heavily wounded.
The reaper misses you.
You reach to attack!
You closely miss the reaper.
The reaper is heavily wounded.
You reach to attack!
You hit the reaper but do no damage.
The reaper is heavily wounded.
You block the reaper's attack.
You reach to attack!
You hit the reaper.
The reaper is severely wounded.
The reaper closely misses you.
You reach to attack!
You impale the reaper!!
The reaper is almost dead.
You reach to attack!
You impale the reaper!!
You kill the reaper!
Kikubaaqudgha accepts your kill.
(D) Dungeon (T) Temple (L) Lair (A) Shoals (N) Spider Nest (M) Slime Pits (O) Orcish Mines (E) Elven Halls (V) Vaults (C) Crypt (U) Depths (H) Hell (Z) Zot
Where to? (Enter - D:1 @ (x,y), ? - help) HP restored.
There is a stone staircase leading up here.
You fly upwards.
There is a stone staircase leading down here.
There is a stone staircase leading up here.
You fly upwards.
There is a stone staircase leading down here.
Things that are here:
a +0 club; 5 stones
There is a staircase leading out of the dungeon here.
You have escaped!

######.#.###.# #.#.......#
#...)...#########.#.......#
###........(......'.......#
#...............#.......#
#...#.......#...#.......#
#..###.....###..#.......#
#...#.[.....#...#.......##
#.................#..###..
#.......#@.....##.##.^.'..
#......###.....##..#####..
#......>#......#....# #..
##....)........#.##.# #..
#..#.......#..#.##.######
#.###.....###...##.......
#..#.......#..#####......
#.............# #......
##########.#### #......


There were no monsters in sight!

Vanquished Creatures
  An ancient lich (Zot:5)
  7 orbs of fire
  2 juggernauts
  4 Killer Klowns (Zot:5)
  A curse toe (Zot:4)
  Saint Roka (Vaults:3)
  7 golden dragons
  2 bone dragons (Depths:4)
  5 electric golems
  A Tzitzimitl (D:7)
  19 Orb Guardians
  19 tentacled monstrosities
  A walking crystal tome (Depths:1)
  A walking earthen tome (Depths:1)
  Mlioglotl (Spider:4)
  2 liches
  5 titans
  2 deep elf master archers (Elf:3)
  2 deep elf blademasters (Elf:3)
  The ghost of Hizxuxos the Black Belt, an adept OpTm of Ashenzari (Shoals:1)
  3 acid blobs
  An Executioner (Depths:1)
  An acid blob (shapeshifter) (Depths:1)
  6 quicksilver dragons
  6 death cobs
  6 sphinxes
  A kraken (Shoals:1)
  An ancient champion (Vaults:2)
  4 shadow dragons
  2 tengu reavers
  14 storm dragons
  Donald (Shoals:4)
  A rockslime (Slime:5)
  2 draconian monks
  6 draconian knights
  3 fire giants
  Ilsuiw (Shoals:3)
  2 deep elf sorcerers
  10 azure jellies
  9 frost giants
  6 draconian scorchers
  14 vault wardens
  Aizul (Shoals:2)
  Louise (Elf:2)
  13 ghost moths
  4 emperor scorpions (Spider:4)
  4 draconian stormcallers (Zot:1)
  A juggernaut zombie (Depths:3)
  2 angels (Vaults:3)
  9 imperial myrmidons (Desolation)
  4 deep elf elementalists (Elf:3)
  5 draconian shifters
  3 war gargoyles
  3 caustic shrike zombies (Depths:3)
  21 very ugly things
  4 quicksilver oozes
  A cacodemon (D:11)
  4 draconian annihilators
  A broodmother (Spider:1)
  A reaper (D:3)
  3 ironbound thunderhulks
  12 ironbound preservers
  5 vampire knights
  17 stone giants
  8 deep elf demonologists
  4 dire elephants
  5 black draconians
  4 green draconians
  Nessos (D:12)
  4 purple draconians
  10 deep elf annihilators
  6 spark wasps
  7 red draconians
  2 halazid warlocks (Desolation)
  10 yellow draconians
  8 white draconians
  The ghost of Qenutwie the Cleaver, a journeyman HOCA of Ignis (Lair:3)
  13 ettins
  2 merfolk javelineers
  A crystal guardian (Vaults:2)
  Josephine (D:11)
  7 fire dragons
  8 merfolk impalers
  2 spriggan zombies (Depths:3)
  2 green deaths
  3 jiangshi (Depths:3)
  5 deep elf death magi
  8 ragged hierophants (Desolation)
  3 deep elf high priests
  6 great orbs of eyes
  2 ice dragons (Depths:2)
  8 peacekeepers
  15 yaktaur captains
  7 servants of whispers (Desolation)
  A caustic shrike simulacrum (IceCv)
  8 entropy weavers
  A hell beast (D:4)
  2 rakshasas (Depths:1)
  18 vault guards
  3 merfolk avatars
  6 hydras
  A radroach (Spider:3)
  2 ogre magi
  2 jorogumos
  5 centaur warriors
  5 boulder beetles
  25 dancing weapons
  14 ironbound frosthearts
  10 two-headed ogres
  8 deep troll earth magi
  3 satyrs
  4 alligator snapping turtles (Shoals:4)
  2 death yaks (Depths:2)
  6 merfolk aquamancers
  10 deep troll shamans
  A hell hog (Lair:3)
  3 tengu warriors (Depths:1)
  2 titan zombies
  4 orc high priests
  A thrashing horror (Lair:3)
  2 spriggan berserkers
  20 deep elf knights
  7 sun demons
  3 vampire magi
  A storm dragon zombie (Depths:3)
  Amaemon (D:11)
  4 hell knights (Depths:3)
  7 pharaoh ants
  2 sixfirhies (D:11)
  6 iron trolls
  19 sea snakes
  3 sun moths
  8 large abominations
  4 skeletal warriors (D:15)
  43 deep trolls
  A spark wasp zombie (Depths:3)
  A death drake (shapeshifter) (Depths:3)
  6 orb spiders
  5 bog bodies (IceCv)
  18 deep elf archers
  A kraken simulacrum (Shoals:4)
  A spriggan simulacrum (IceCv)
  A glowing orange brain (Depths:3)
  4 wizards
  3 golden dragon zombies (Depths:3)
  18 ironbound convokers
  An obsidian statue (IceCv)
  A shadow dragon zombie (Depths:3)
  6 lindwurms
  6 steelbarb worms
  3 phantasmal warriors
  4 tengu zombies
  33 deep elf zephyrmancers
  5 necromancers
  A frost giant zombie (Depths:3)
  6 orc knights
  8 orc sorcerers
  45 ugly things
  30 deep elf pyromancers
  4 harpies (Shoals:3)
  4 iron dragon zombies (Depths:3)
  3 oklob plants (Lair:4)
  A fire giant zombie (Depths:3)
  2 shining eyes
  18 wolf spiders
  2 sphinx zombies (Depths:3)
  17 manticores
  7 cyclopes
  2 stone giant zombies (Depths:2)
  27 moths of wrath
  14 elephants
  18 fauns
  8 merfolk sirens
  A stone giant skeleton (Vaults:4)
  A moth of wrath (shapeshifter) (Vaults:5)
  A salamander (D:15)
  8 vault sentinels
  7 water nymphs
  2 eyes of devastation
  6 black mambas
  A molten gargoyle (Depths:3)
  5 guardian serpents (Desolation)
  A smoke demon (Abyss:2)
  3 torpor snails
  3 demonic crawlers
  2 orange demons
  2 unseen horrors (Depths:4)
  16 cane toads
  3 gargoyles
  A hellion (Depths:3)
  A rime drake (Lair:5)
  A yaktaur zombie (Vaults:4)
  29 yaktaurs
  2 ice devils
  11 komodo dragons
  A tengu conjurer (Depths:1)
  A golden dragon simulacrum (IceCv)
  3 anaconda simulacra (IceCv)
  41 merfolk
  A yaktaur skeleton (Vaults:4)
  An ancient zyme (Lair:3)
  6 meliai
  13 freezing wraiths
  14 hornets
  A hellwing (Depths:2)
  6 polar bears
  3 trolls
  6 wind drakes
  15 tarantellas
  A raiju (shapeshifter) (Vaults:5)
  58 saltlings (Desolation)
  11 blink frogs
  7 snapping turtles
  6 dream sheep
  Sigmund (D:3)
  21 culicivoras
  The ghost of Dominolapin the Trooper, an amateur OgCA of Ignis (D:3)
  11 jumping spiders
  4 air elementals
  79 slime creatures
  13 spriggans
  3 wyverns
  A centaur simulacrum (D:15)
  4 dire elephant simulacra (IceCv)
  A shadow (D:11)
  7 wraiths
  35 yaks
  13 water elementals
  A vampire (D:10)
  4 ynoxinuls
  A yak (shapeshifter) (Vaults:5)
  5 basilisks
  3 hogs (Shoals:2)
  4 fire elementals
  3 chaos spawn
  7 vampire mosquitoes
  51 redbacks
  A steam dragon (D:8)
  A minotaur simulacrum (IceCv)
  An elf zombie (Vaults:4)
  A redback (shapeshifter) (Depths:4)
  6 harpy simulacra (IceCv)
  A glowing shapeshifter zombie (Depths:3)
  4 wargs
  2 acid dragons
  12 water moccasins
  2 hydra simulacra (IceCv)
  A floating eye (Depths:2)
  27 orc warriors
  A human zombie (Vaults:4)
  An ice beast (D:6)
  2 ettin simulacra (IceCv)
  2 alligator simulacra (IceCv)
  14 ogres
  6 black bears
  A black bear (shapeshifter) (Vaults:5)
  2 sky beasts (D:6)
  28 wolves
  5 boggarts (Lair:5)
  6 centaurs
  A phantom (D:7)
  11 small abominations
  2 kobold brigands (Sewer)
  Blork the orc (D:4)
  10 bullfrogs
  A glowing shapeshifter simulacrum (Vaults:1)
  4 earth elementals
  3 scorpions
  3 deep troll simulacra (IceCv)
  A necrophage (D:6)
  A gnoll sergeant (D:11)
  A water moccasin zombie (Ossuary)
  11 wights
  8 killer bees
  2 lindwurm simulacra (IceCv)
  4 howler monkeys
  4 electric eels
  4 bullfrog zombies
  9 crimson imps (D:9)
  2 centaur zombies (Ossuary)
  A jelly (D:6)
  4 hounds
  2 bullfrog skeletons (D:3)
  15 orc priests
  Crazy Yiuf (D:3)
  Ijyb (D:5)
  8 iguanas
  18 orc wizards
  Natasha (thrice) (D:2)
  2 scorpion zombies (Ossuary)
  An ogre zombie (Ossuary)
  Robin (D:3)
  9 gnolls
  11 adders
  2 river rats (Sewer)
  2 shadow imps
  3 white imps
  A howler monkey simulacrum (D:10)
  An ufetubus (Vaults:2)
  2 adder zombies (Ossuary)
  2 dart slugs
  63 orcs
  4 bats
  9 endoplasms
  8 giant cockroaches
  14 goblins
  5 hobgoblins
  13 jackals
  7 quokkas
  9 ball pythons
  A frilled lizard (D:2)
  A gnoll zombie (Ossuary)
  4 goblin zombies (Ossuary)
  5 hobgoblin zombies (Ossuary)
  12 kobolds
  3 orc zombies (Ossuary)
  3 rats
  2 tentacles (Shoals:1)
2116 creatures vanquished.

Vanquished Creatures (collateral kills)
  the Royal Jelly (Slime:5)
  A dread lich (Zot:5)
  An orb of fire (Zot:5)
  2 ancient liches
  A Killer Klown (Zot:5)
  Xtahua (Vaults:3)
  An electric golem (Zot:5)
  7 Orb Guardians (Zot:5)
  Asterion (Spider:4)
  4 tentacled monstrosities
  A deep elf blademaster (Elf:2)
  A titan (Vaults:5)
  10 acid blobs (Slime:5)
  A sphinx (Vaults:5)
  2 tengu reavers (Vaults:5)
  Kirke (Shoals:2)
  2 storm dragons
  2 shadow dragons
  2 fire giants (Vaults:5)
  A draconian scorcher (Zot:1)
  An imperial myrmidon (Desolation)
  A frost giant (Vaults:5)
  A draconian knight (Zot:5)
  An azure jelly (Slime:5)
  5 vault wardens
  3 quicksilver oozes (Slime:5)
  A draconian stormcaller (Zot:5)
  2 draconian shifters
  2 stone giants
  A war gargoyle (Vaults:1)
  3 ironbound preservers
  4 ironbound thunderhulks
  3 very ugly things
  A white draconian (Zot:5)
  A deep elf annihilator (Vaults:5)
  3 yellow draconians
  A green draconian (Zot:5)
  3 purple draconians
  A halazid warlock (Desolation)
  3 black draconians
  2 red draconians (Zot:1)
  A dire elephant (Vaults:1)
  11 ettins
  2 deep elf high priests (Vaults:5)
  An entropy weaver (Spider:3)
  12 vault guards
  A merfolk javelineer (Shoals:3)
  4 yaktaur captains
  2 great orbs of eyes
  A servant of whispers (Desolation)
  A hydra (Lair:2)
  2 ogre magi (Vaults:5)
  3 catoblepae (Depths:2)
  A boulder beetle (Vaults:1)
  2 death yaks (Depths:2)
  2 two-headed ogres
  A dancing weapon (Elf:2)
  3 deep troll earth magi (Depths:2)
  12 deep trolls
  3 sea snakes
  An orb spider (shapeshifter) (Vaults:5)
  A glowing orange brain (Slime:5)
  An orb spider (Spider:4)
  A steelbarb worm (Spider:3)
  3 harpies (Shoals:4)
  A phantasmal warrior (Vaults:5)
  3 ugly things
  2 fauns (Shoals:3)
  A deep elf pyromancer (Elf:2)
  2 shining eyes (Slime:5)
  2 wolf spiders
  A manticore (Shoals:4)
  7 moths of wrath
  A cyclops (shapeshifter) (Depths:4)
  A guardian serpent (Desolation)
  A rust devil (Depths:2)
  A black mamba (shapeshifter) (Vaults:5)
  5 vault sentinels
  2 water nymphs
  An eye of devastation (Slime:1)
  An orange demon (Depths:2)
  A komodo dragon (Lair:2)
  A hellion (Depths:2)
  5 yaktaurs
  11 merfolk
  9 saltlings (Desolation)
  A tarantella (shapeshifter) (Vaults:5)
  6 tarantellas
  3 dream sheep (Shoals:1)
  19 slime creatures
  2 culicivoras (Spider:3)
  A culicivora (shapeshifter) (Vaults:5)
  A yak (Lair:2)
  6 water elementals
  A golden eye (Slime:5)
  A neqoxec (Depths:2)
  A hog (Shoals:2)
  5 redbacks
  A spriggan simulacrum (Depths:2)
  A harpy simulacrum (IceCv)
  An entropy weaver zombie (Spider:2)
  3 wolves (Lair:2)
  A cyclops zombie (Depths:2)
  5 killer bees (D:9)
  2 gnoll boudas (D:7)
  2 iguanas (Lair:2)
  5 gnolls (D:7)
  3 orcs
288 creatures vanquished.

Vanquished Creatures (others)
  Mara (Depths:3)
  5 golden dragons (Zot:5)
  4 quicksilver dragons (Zot:5)
  2 tengu reavers (Depths:4)
  5 shadow dragons (Zot:5)
  6 storm dragons
  A rockslime (Slime:5)
  3 draconian knights (Zot:5)
  An azure jelly (Slime:5)
  A draconian monk (Zot:5)
  A deep elf sorcerer (Elf:2)
  A vault warden (Vaults:4)
  A draconian scorcher (Zot:5)
  5 imperial myrmidons (Desolation)
  A frost giant (Vaults:1)
  An ironbound preserver (Vaults:3)
  2 draconian annihilators (Zot:5)
  A draconian shifter (Zot:3)
  2 stone giants
  A black draconian (Zot:5)
  2 red draconians (Zot:5)
  A purple draconian (Zot:5)
  A yellow draconian (Zot:5)
  2 white draconians (Zot:5)
  An ettin (Depths:3)
  2 fire dragons (Depths:4)
  2 yaktaur captains
  A dancing weapon (Elf:2)
  A deep troll earth mage (Depths:3)
  A deep troll shaman (Depths:4)
  3 spriggan berserkers
  A tengu warrior (Depths:3)
  A deep elf knight (Elf:2)
  A hell knight (Vaults:3)
  A pharaoh ant (Spider:2)
  2 deep trolls
  A skeletal warrior (D:15)
  A golden dragon skeleton (Depths:2)
  A harpy (Shoals:3)
  2 deep elf zephyrmancers (Elf:2)
  2 fauns (Shoals:2)
  14 moths of wrath (Zot:5)
  2 cyclopes
  2 yaktaurs (Vaults:4)
  2 redback zombies (Spider:3)
  A blink frog (shapeshifter) (D:10)
  A tarantella (Spider:4)
  A jumping spider zombie (Spider:3)
  A snapping turtle (Shoals:1)
  2 slime creatures
  2 jumping spiders (Spider:3)
  2 redbacks (Spider:3)
  A warg (Vaults:3)
  An entropy weaver zombie (Spider:3)
  An ogre (D:5)
  A boggart (Vaults:5)
  An orc priest (Orc:2)
  2 orc wizards
  2 orcs (Vaults:3)
  30 fungi
  A lurking horror (Abyss:2)
  78 plants
  14 tentacles
  A withered plant (Desolation)
238 creatures vanquished.

Grand Total: 2642 creatures vanquished

Notes
Turn   | Place    | Note
-------+----------+-------------------------------------------
     0 | D:1      | Charly the Demonspawn Artificer began the quest for the
                  | Orb.
     0 | D:1      | Reached XP level 1. HP: 15/15 MP: 1/1
    64 | D:1      | Reached skill level 1 in Stealth
   234 | D:1      | Gained mutation: Your movements are slightly less
                  | encumbered by armour. (ER -2) [demonic ancestry]
   234 | D:1      | Reached XP level 2. HP: 21/21 MP: 2/2
   693 | D:2      | Found a faded altar of an unknown god.
   852 | D:2      | Found an opulent altar of Gozag.
   922 | D:2      | Reached XP level 3. HP: 27/27 MP: 3/3
  1221 | D:2      | Noticed Natasha
  1452 | D:2      | Reached XP level 4. HP: 34/34 MP: 4/4
  1530 | D:3      | Noticed Robin
  1587 | D:3      | Identified the +0 pair of gloves of the Swamp {Rampage
                  | rPois Regen+}
  1754 | D:3      | Noticed Sigmund
  1811 | D:3      | Noticed an ogre
  2077 | D:2      | Killed Natasha
  2078 | D:2      | Reached skill level 1 in Short Blades
  2166 | D:3      | Found a runed translucent gate.
  2167 | D:3      | Found a runed translucent gate.
  2168 | D:3      | Found a runed translucent gate.
  2170 | D:3      | Noticed Dominolapin's ghost (amateur OgCA)
  2317 | D:3      | Found a runed translucent door.
  2318 | D:3      | Noticed Crazy Yiuf
  2520 | D:3      | Killed Robin
  2521 | D:3      | Reached XP level 5. HP: 14/41 MP: 5/5
  2767 | D:3      | Killed an ogre
  2990 | D:2      | Found an opulent altar of Gozag.
  3028 | D:2      | Found a faded altar of an unknown god.
  3034 | D:2      | Noticed Natasha
  3048 | D:2      | Killed Natasha
  3184 | D:2      | Noticed Natasha
  3192 | D:2      | Killed Natasha
  3193 | D:2      | Gained mutation: Spells you cast may paralyse adjacent
                  | enemies. [demonic ancestry]
  3193 | D:2      | Reached XP level 6. HP: 47/47 MP: 6/6
  3783 | D:4      | Found a sand-covered staircase.
  3788 | Ossuary  | Entered an ossuary
  3923 | Ossuary  | Reached skill level 5 in Evocations
  3995 | Ossuary  | Gained mutation: Spells you cast may paralyse nearby
                  | enemies. [demonic ancestry]
  3995 | Ossuary  | Reached XP level 7. HP: 52/52 MP: 7/7
  4191 | Ossuary  | Noticed a silent spectre
  4496 | D:4      | Noticed Blork the orc
  4511 | D:4      | Killed Blork the orc
  4535 | D:4      | Found a stormy altar of Qazlal.
  4760 | D:5      | Entered Level 5 of the Dungeon
  4985 | D:5      | Reached skill level 5 in Short Blades
  4985 | D:5      | Gained mutation: You have large cloven feet. [demonic
                  | ancestry]
  4985 | D:5      | Reached XP level 8. HP: 56/58 MP: 8/8
  5368 | D:5      | Noticed Ijyb
  5379 | D:5      | Killed Ijyb
  5402 | D:5      | Learned a level 3 spell: Dazzling Flash
  5669 | D:3      | Killed Sigmund
  5847 | D:6      | Found a glowing drain.
  5858 | Sewer    | Entered a sewer
  6054 | D:6      | Reached skill level 5 in Stealth
  6220 | D:6      | Found a staircase to the Ecumenical Temple.
  6234 | Temple   | Entered the Ecumenical Temple
  6275 | Temple   | Became a worshipper of Kikubaaqudgha
  6300 | D:6      | Gained mutation: Your movements are less encumbered by
                  | armour. (ER -4) [demonic ancestry]
  6300 | D:6      | Reached XP level 9. HP: 53/66 MP: 9/9
  7049 | D:7      | Reached skill level 5 in Fighting
  7151 | D:7      | Found an opulent altar of Gozag.
  7154 | D:7      | Found a blossoming altar of Fedhas.
  7154 | D:7      | Found a broken altar of Ashenzari.
  7267 | D:7      | Reached * piety under Kikubaaqudgha
  7267 | D:7      | Received a gift from Kikubaaqudgha
  7638 | D:8      | Got the Codex of Conjury
  7698 | D:8      | Noticed an elephant
  8010 | D:8      | Identified the +1 robe of the Lair of Beasts {Will+ Int+3}
  8094 | D:8      | Found the +7 Kryia's mail coat {PotionHeal*2 rC+}
  8203 | D:8      | Found a radiant altar of Vehumet.
  8270 | D:8      | Found a staircase to the Lair.
  8303 | D:8      | Killed an elephant
  8304 | D:8      | Gained mutation: A meltable shield of frost defends you.
                  | (SH +4) [demonic ancestry]
  8304 | D:8      | Reached XP level 10. HP: 58/74 MP: 10/10
  8362 | D:8      | Reached ** piety under Kikubaaqudgha
  8548 | D:9      | Found a staircase to the Orcish Mines.
  9220 | D:9      | Noticed a two-headed ogre
  9357 | D:9      | Identified the +6 falchion of Okawaru's Anger {elec, Int+3}
  9777 | D:10     | Entered Level 10 of the Dungeon
  9793 | D:10     | Noticed a two-headed ogre
  9795 | D:10     | Noticed a gargoyle
  9880 | D:10     | Noticed a two-headed ogre
  9937 | D:10     | Noticed an eight-headed hydra
  9972 | D:10     | Reached *** piety under Kikubaaqudgha
  9972 | D:10     | Received a gift from Kikubaaqudgha
  9991 | D:10     | Killed an eight-headed hydra
  9992 | D:10     | Reached skill level 10 in Evocations
  9998 | D:10     | Noticed a centaur warrior
 10059 | D:10     | Killed a centaur warrior
 10060 | D:10     | Reached skill level 1 in Dodging
 10060 | D:10     | Gained mutation: Your movements are significantly less
                  | encumbered by armour. (ER -6) [demonic ancestry]
 10060 | D:10     | Reached XP level 11. HP: 62/79 MP: 11/11
 10183 | D:10     | Killed a two-headed ogre
 10306 | D:10     | Killed a two-headed ogre
 10434 | D:10     | Found an ornate altar of the Wu Jian Council.
 11050 | D:11     | Noticed Josephine
 11084 | D:11     | Killed Josephine
 11234 | D:11     | Noticed Amaemon
 11529 | D:11     | Reached skill level 10 in Short Blades
 11529 | D:11     | Reached skill level 10 in Stealth
 11650 | D:11     | Noticed a two-headed ogre
 11675 | D:11     | Killed a two-headed ogre
 11676 | D:11     | Reached skill level 1 in Conjurations
 11676 | D:11     | Reached skill level 1 in Hexes
 11676 | D:11     | Reached skill level 1 in Necromancy
 11687 | D:11     | Reached **** piety under Kikubaaqudgha
 11688 | D:11     | Reached skill level 1 in Spellcasting
 11897 | D:11     | Found a portal to a secret trove of treasure.
 12181 | D:9      | Killed a two-headed ogre
 12243 | Lair:1   | Entered Level 1 of the Lair of Beasts
 12271 | Lair:1   | Reached skill level 2 in Necromancy
 12355 | Lair:1   | Gained mutation: You have hoof-like feet. [demonic
                  | ancestry]
 12355 | Lair:1   | Reached XP level 12. HP: 86/86 MP: 15/15
 12516 | Lair:1   | Reached skill level 3 in Necromancy
 12959 | Lair:1   | Reached skill level 5 in Conjurations
 12959 | Lair:1   | Reached skill level 5 in Hexes
 12960 | Lair:1   | Reached skill level 4 in Necromancy
 13217 | Lair:2   | Found a hole to the Spider Nest.
 13554 | Lair:2   | Noticed a six-headed hydra
 13565 | Lair:2   | Reached ***** piety under Kikubaaqudgha
 13567 | Lair:2   | Reached skill level 5 in Necromancy
 13571 | Lair:2   | Killed a six-headed hydra
 13997 | Lair:3   | Found a staircase to the Shoals.
 14061 | Lair:3   | Noticed a five-headed hydra
 14072 | Lair:3   | Killed a five-headed hydra
 14131 | Lair:3   | Gained mutation: You have hooves in place of feet. [demonic
                  | ancestry]
 14131 | Lair:3   | Reached XP level 13. HP: 93/93 MP: 19/19
 14251 | Lair:3   | Reached skill level 6 in Necromancy
 14305 | Lair:3   | Found a transporter.
 14597 | Lair:3   | Found a transporter.
 14600 | Lair:3   | Found a one-way gate to the infinite horrors of the Abyss.
 14753 | Lair:3   | Noticed Qenutwie's ghost (journeyman HOCA)
 15622 | Lair:4   | Found a viscous altar of Jiyva.
 15624 | Lair:4   | Found a staircase to the Slime Pits.
 15904 | Lair:5   | Entered Level 5 of the Lair of Beasts
 15961 | Lair:5   | Reached skill level 7 in Necromancy
 15978 | Lair:5   | Reached skill level 5 in Spellcasting
 15983 | Lair:5   | Learned a level 4 spell: Dispel Undead
 16347 | Lair:5   | Reached skill level 5 in Dodging
 16361 | Lair:5   | Reached skill level 5 in Armour
 16361 | Lair:5   | Reached skill level 8 in Necromancy
 16389 | Lair:5   | Reached ****** piety under Kikubaaqudgha
 16728 | Lair:5   | Reached skill level 9 in Necromancy
 16936 | Lair:5   | Gained mutation: Your presence sometimes corrodes those you
                  | injure. [demonic ancestry]
 16936 | Lair:5   | Reached XP level 14. HP: 72/103 MP: 15/21
 17353 | Lair:5   | Identified a +5 rapier of pain (a +3 rapier of draining
                  | bloodied by Kikubaaqudgha)
 17353 | Lair:5   | Received a gift from Kikubaaqudgha
 17639 | D:3      | Killed Dominolapin's ghost
 17740 | D:3      | Killed Crazy Yiuf
 18106 | D:11     | Killed Amaemon
 18378 | D:12     | Reached skill level 1 in Shields
 18604 | D:12     | Noticed Nessos
 18606 | D:12     | Killed Nessos
 18607 | D:12     | Reached skill level 10 in Necromancy
 18771 | D:12     | Identified a scroll of acquirement
 18808 | D:12     | Acquired a book of Dreams
 18814 | D:12     | Learned a level 3 spell: Confusing Touch
 18819 | D:12     | Learned a level 4 spell: Anguish
 19117 | D:13     | Found a gate to the Vaults.
 19117 | D:13     | Noticed an ironbound preserver
 19138 | D:13     | Killed an ironbound preserver
 19868 | D:14     | Reached skill level 11 in Necromancy
 20521 | D:15     | Entered Level 15 of the Dungeon
 21575 | D:15     | Found a staircase to the Depths.
 21594 | D:15     | Reached XP level 15. HP: 96/112 MP: 22/22
 21812 | Orc:1    | Entered Level 1 of the Orcish Mines
 22182 | Orc:1    | Found Jielium's Distillery.
 22185 | Orc:1    | Bought a potion of curing for 45 gold pieces
 22185 | Orc:1    | Bought a potion of heal wounds for 75 gold pieces
 22185 | Orc:1    | Bought a potion of curing for 45 gold pieces
 22185 | Orc:1    | Bought 2 potions of curing for 90 gold pieces
 22185 | Orc:1    | Bought a potion of curing for 45 gold pieces
 22185 | Orc:1    | Bought a potion of haste for 150 gold pieces
 22185 | Orc:1    | Bought 2 potions of might for 120 gold pieces
 22245 | Orc:2    | Entered Level 2 of the Orcish Mines
 22323 | Orc:2    | Found Dekiko's CLEARANCE SALE!.
 22583 | Orc:2    | Found Nigaej's General Store.
 22627 | Orc:2    | Reached skill level 12 in Necromancy
 22646 | Orc:2    | Found a staircase to the Elven Halls.
 22707 | Orc:2    | Found Boxicw's Magic Scroll Boutique.
 22715 | Orc:2    | Bought a scroll of blinking for 97 gold pieces
 22715 | Orc:2    | Bought a scroll of teleportation for 39 gold pieces
 22715 | Orc:2    | Bought a scroll of teleportation for 39 gold pieces
 22715 | Orc:2    | Bought a scroll of teleportation for 39 gold pieces
 22715 | Orc:2    | Bought a scroll of vulnerability for 52 gold pieces
 22940 | Orc:2    | Found Daninest's Jewellery Shoppe.
 23004 | Orc:2    | Found Icyqiob's Weapon Shop.
 23009 | Orc:2    | Found Reriofuen's Antique Weapon Shop.
 23181 | Orc:2    | Bought the amulet of the Beloved Coconut {Acrobat +Inv
                  | Regen+ Int-5 Slay+3} for 737 gold pieces
 23682 | Orc:2    | Bought a condenser vane for 640 gold pieces
 23848 | Spider:1 | Entered Level 1 of the Spider Nest
 24554 | Spider:1 | Found the +8 lance "Wyrmbane" {slay drac, rPois rF+ rC+
                  | AC+3}
 24752 | Spider:1 | Reached skill level 5 in Shields
 24846 | Spider:2 | Reached skill level 13 in Necromancy
 24893 | Spider:2 | Found a frozen archway.
 24961 | IceCv    | Entered an ice cave
 25243 | IceCv    | Found an ancient bone altar of Kikubaaqudgha.
 25270 | IceCv    | Reached skill level 10 in Fighting
 25448 | IceCv    | Noticed a lich
 25455 | IceCv    | Killed a lich
 25456 | IceCv    | Gained mutation: Spells you cast and wands you use may
                  | paralyse nearby enemies. [demonic ancestry]
 25456 | IceCv    | Reached XP level 16. HP: 120/122 MP: 10/23
 25675 | IceCv    | Got Gosoig's Octavo of Bloody Frost
 25681 | IceCv    | Learned a level 4 spell: Animate Dead
 25740 | IceCv    | Reached skill level 14 in Necromancy
 26903 | Spider:3 | Reached skill level 15 in Necromancy
 27931 | Spider:4 | Entered Level 4 of the Spider Nest
 28117 | Spider:4 | Noticed Mlioglotl
 28213 | Spider:4 | Learned a level 6 spell: Death Channel
 28373 | Spider:4 | Reached skill level 16 in Necromancy
 28479 | Spider:4 | Killed Mlioglotl
 28490 | Spider:4 | Noticed Asterion
 28500 | Spider:4 | Killed Asterion
 28844 | Spider:4 | Reached XP level 17. HP: 82/123 MP: 18/24
 29384 | Spider:4 | Identified the +2 hat of Light {+Blink}
 29388 | Spider:4 | Got a gossamer rune of Zot
 29453 | Spider:4 | Learned a level 5 spell: Borgnjor's Vile Clutch
 29599 | Shoals:1 | Entered Level 1 of the Shoals
 29721 | Shoals:1 | Reached skill level 1 in Earth Magic
 29838 | Shoals:1 | Acquired 424 gold pieces
 30038 | Orc:2    | Bought 3 scrolls of enchant weapon for 292 gold pieces
 30073 | Orc:2    | Bought a scroll of teleportation for 48 gold pieces
 30073 | Orc:2    | Bought a potion of magic for 128 gold pieces
 30073 | Orc:2    | Bought a wand of digging (4) for 268 gold pieces
 30316 | Shoals:1 | Found a transporter.
 30316 | Shoals:1 | Found a transporter.
 30317 | Shoals:1 | Noticed Hizxuxos's ghost (adept OpTm)
 30419 | Shoals:1 | Reached skill level 17 in Necromancy
 30813 | Shoals:1 | Noticed a kraken
 30846 | Shoals:1 | Killed Hizxuxos's ghost
 30895 | Shoals:1 | Killed a kraken
 30948 | Shoals:1 | Identified the ring of Lofoats {rN+ rCorr Str-3 Int+3
                  | Dex+7}
 30982 | Shoals:2 | Noticed Aizul
 30982 | Shoals:2 | Noticed Roxanne
 31020 | Shoals:2 | Killed Aizul
 31231 | Shoals:2 | Noticed Kirke
 31267 | Shoals:2 | Killed Kirke
 31646 | Shoals:2 | Reached skill level 15 in Evocations
 32026 | Shoals:3 | Reached skill level 18 in Necromancy
 32108 | Shoals:3 | Noticed Ilsuiw
 32116 | Shoals:3 | Killed Ilsuiw
 32326 | Shoals:3 | Reached XP level 18. HP: 104/134 MP: 20/25
 32857 | Shoals:4 | Entered Level 4 of the Shoals
 33153 | Shoals:4 | Identified the +5 scimitar "Ylua" {heavy, rF+ Int+2 Stlth+}
 33234 | Shoals:4 | Learned a level 2 spell: Blink
 33406 | Shoals:4 | Reached skill level 19 in Necromancy
 33422 | Shoals:4 | Got a barnacled rune of Zot
 33469 | Shoals:4 | Identified the +4 kite shield of Ehufum {rC+ Int+3 Slay+6}
 33469 | Shoals:4 | Noticed Donald
 33480 | Shoals:4 | Killed Donald
 33764 | Shoals:4 | Found the +8 whip "Snakebite" {venom, curare, rPois}
 34211 | Lair:3   | Killed Qenutwie's ghost
 34535 | Vaults:1 | Entered Level 1 of the Vaults
 34930 | Vaults:1 | Identified the +11 great sword of the Riding Mosquito
                  | {heavy, Will+ rCorr}
 35930 | Vaults:2 | Identified the +2 robe "Zyluf" {Dex+3}
 35988 | Vaults:2 | Reached skill level 5 in Earth Magic
 36097 | Vaults:2 | Got Rojoass's Commentary on the Graveyard
 36236 | Vaults:2 | You fall into a shaft and drop 2 floors!
 36249 | Vaults:4 | Reached XP level 19. HP: 90/142 MP: 20/26
 36633 | Vaults:3 | Found a crumbling gateway.
 36748 | Desolati | Entered the Desolation of Salt
 36773 | Desolati | Got the Compendium of Sculpting
 36841 | Desolati | Identified the ring "Vempain" {rPois rCorr MP-9 Str+3 SInv}
 36864 | Desolati | Identified the +7 glaive of the Lame Duck {holy, rF- Int+9
                  | Stlth+}
 36876 | Desolati | Identified the +1 scale mail of Privacy {rN+ Int+6 Dex+4}
 36984 | Desolati | Identified the +3 leather armour "Xios Zor" {Str-3 Int+3
                  | Dex+6}
 37071 | Desolati | Reached skill level 20 in Necromancy
 37116 | Desolati | Identified the +7 scimitar "Yvoppac" {heavy, Drain rCorr
                  | SInv}
 37175 | Desolati | Got the Octavo of Spectres and Changes
 37195 | Desolati | Got the Compendium of Contaminants and Bombardment
 37224 | Desolati | Identified the +1 scale mail of Evesash {rPois Int+2 Dex+3}
 37227 | Desolati | Identified the ring "Lubiohi" {rPois Str+2 Int+6}
 37294 | Desolati | Identified the +8 arbalest of Disharmony {freeze, rPois
                  | Str-2 Int+3 Dex+2}
 37961 | Vaults:3 | Noticed Saint Roka
 37981 | Vaults:3 | Killed Saint Roka
 38139 | Vaults:3 | Reached skill level 10 in Shields
 38177 | Vaults:3 | Noticed Xtahua
 38348 | Vaults:2 | Reached XP level 20. HP: 149/149 MP: 20/27
 38806 | Vaults:2 | Found a staircase to the Crypt.
 38976 | Vaults:2 | Identified the ring of Fijoajoa {rPois rN+ Str+3}
 39303 | Vaults:3 | Killed Xtahua
 39371 | Vaults:3 | Acquired a +1 quick blade of draining
 40190 | Vaults:4 | Identified the +5 hand axe "Charly's Death" {freeze, rF+
                  | Will+}
 40366 | Vaults:4 | Reached skill level 21 in Necromancy
 41286 | Elf:1    | Entered Level 1 of the Elven Halls
 41306 | Elf:1    | Gained mutation: A meltable icy envelope protects you from
                  | harm. (AC +8) [demonic ancestry]
 41306 | Elf:1    | Reached XP level 21. HP: 150/151 MP: 28/28
 41374 | Elf:1    | Found Rilarch's Magic Scroll Boutique.
 41476 | Elf:1    | Paralysed by an air elemental for 1 turns
 41481 | Elf:1    | Paralysed by an air elemental for 1 turns
 41687 | Elf:1    | You fall into a shaft and drop 1 floor!
 41922 | Elf:2    | Found a runed translucent gate.
 41922 | Elf:2    | Found a runed translucent gate.
 41922 | Elf:2    | Found a runed translucent gate.
 41938 | Elf:2    | Noticed Louise
 41957 | Elf:2    | Killed Louise
 42737 | Elf:1    | Got the Omnibus of Trauma
 42950 | Elf:1    | Learned a level 3 spell: Ozocubu's Armour
 43115 | Elf:2    | Found Wynlyin's Antique Armour Emporium.
 43160 | Elf:2    | Reached skill level 1 in Translocations
 43165 | Elf:2    | Found Sera Oti's Jewellery Shoppe.
 43165 | Elf:2    | Found Ronk's Antique Armour Boutique.
 43170 | Elf:2    | Reached skill level 1 in Ice Magic
 43175 | Elf:2    | Found Zyuset's Antique Armour Emporium.
 43396 | Elf:3    | Entered Level 3 of the Elven Halls
 44175 | Abyss:2  | Cast into level 2 of the Abyss (a deep elf demonologist)
 44330 | Abyss:2  | Paralysed by an air elemental for 1 turns
 44334 | Abyss:2  | Paralysed by an air elemental for 1 turns
 44362 | Elf:3    | Escaped the Abyss
 44414 | Elf:3    | Identified the ring of Semipuaco {Fly rElec Dex+4}
 44609 | Elf:3    | Reached XP level 22. HP: 57/153 MP: 30/30
 44669 | Elf:3    | Got Ugiote's Incunable of Interference
 44698 | Elf:3    | Identified the ring "Miod" {rF+ rCorr}
 44706 | Elf:3    | Identified the +10 dagger "Japneyts" {heavy, Fragile Will++
                  | rCorr Int+4}
 44730 | Elf:3    | Identified the ring of Istreniock {rC- rN+ Dex+3 SInv
                  | Stlth+}
 44745 | Elf:3    | Identified the +1 ring mail of Spring Thaw {rN+ Str+6
                  | Dex-2}
 44747 | Elf:3    | Got the Directory of the Telluric Wendigo
 45686 | Elf:2    | Bought a fine chain mail for 285 gold pieces
 45686 | Elf:2    | Identified the +3 chain mail of the Realm of Zot {Int+4
                  | Dex+4} (You bought it in a shop on level 2 of the Elven
                  | Halls)
 45686 | Elf:2    | Bought a jewelled scale mail for 270 gold pieces
 45686 | Elf:2    | Identified the +1 scale mail of Disappointment {Harm rF+
                  | rN+ Int-2} (You bought it in a shop on level 2 of the Elven
                  | Halls)
 45707 | Elf:2    | Bought a runed helmet for 225 gold pieces
 45757 | Elf:1    | Bought a scroll of fear for 76 gold pieces
 45757 | Elf:1    | Bought a scroll of enchant armour for 142 gold pieces
 45757 | Elf:1    | Bought a scroll of teleportation for 57 gold pieces
 45994 | Depths:1 | Entered Level 1 of the Depths
 46377 | Depths:1 | Found a gateway to Hell.
 46619 | Depths:1 | Found a runed translucent door.
 46793 | Depths:1 | Found Lide's Book Shoppe.
 47013 | Depths:1 | Bought a book of Death for 836 gold pieces
 47151 | Depths:2 | Found a one-way gate leading to the halls of Pandemonium.
 47167 | Depths:2 | Reached skill level 10 in Dodging
 47476 | Depths:2 | Identified the +6 great mace "Zayp" {heavy, *Noise rN+
                  | Int+2 Dex+4}
 47752 | Depths:2 | Noticed a juggernaut
 47764 | Depths:2 | Killed a juggernaut
 47800 | Depths:2 | Identified the +5 morningstar of Spontaneous Combustion
                  | {freeze, Will+ MP+9}
 47803 | Depths:2 | Identified the +5 double sword "Womack" {flame, Dex+4
                  | Stlth+}
 47949 | Depths:2 | Reached skill level 22 in Necromancy
 48309 | Depths:2 | Reached skill level 5 in Translocations
 48401 | Depths:3 | Reached skill level 15 in Shields
 48401 | Depths:3 | Reached skill level 5 in Ice Magic
 48507 | Depths:3 | Paralysed by a vampire knight for 2 turns
 48520 | Depths:3 | Reached XP level 23. HP: 166/177 MP: 26/33
 48579 | Depths:3 | Found a sacrificial altar of Ru.
 48608 | Depths:3 | Noticed Mara
 48613 | Depths:3 | Noticed Charly's illusion
 48648 | Depths:3 | Killed Mara
 48974 | Depths:3 | Found a basalt altar of Yredelemnul.
 49532 | Depths:4 | Entered Level 4 of the Depths
 49535 | Depths:4 | Found a one-way gateway to a ziggurat.
 49668 | Depths:4 | Learned a level 6 spell: Simulacrum
 49705 | Depths:4 | Found a gate to the Realm of Zot.
 50042 | Depths:4 | Noticed a juggernaut
 50052 | Depths:4 | Killed a juggernaut
 50053 | Depths:4 | Reached skill level 1 in Polearms
 50156 | Depths:4 | Found Sutacraobli's Armour Boutique.
 50164 | Depths:4 | Bought the +2 cloak of Peek-a-Boo {rC+ Will+} for 647 gold
                  | pieces
 50413 | Depths:4 | Found a transporter.
 50442 | Depths:4 | Found a transporter.
 50458 | Depths:4 | Found a transporter.
 50485 | Depths:4 | Found a transporter.
 51085 | Slime:1  | Entered Level 1 of the Pits of Slime
 51136 | Slime:2  | Gained mutation: You are weak. (Str -2) [a shining eye]
 51269 | Slime:5  | Entered Level 5 of the Pits of Slime
 51316 | Slime:5  | Noticed the Royal Jelly
 51317 | Slime:5  | Found a viscous altar of Jiyva.
 51349 | Slime:5  | Killed the Royal Jelly
 51457 | Slime:5  | Identified the ring of Vilejuq {*Corrode rPois Str+4 Int+6}
 51469 | Slime:5  | Identified the +7 falchion of Doom {holy, Dex+4}
 51494 | Slime:5  | Identified the +1 chain mail of Foolhardiness {rN+ Str+5}
 51513 | Slime:5  | Got a slimy rune of Zot
 51681 | Slime:5  | Gained mutation: Your presence sometimes corrodes or
                  | deforms those you injure. [demonic ancestry]
 51681 | Slime:5  | Reached XP level 24. HP: 187/187 MP: 36/36
 51727 | Slime:5  | Lost mutation: You are weak. (Str -2) [potion of mutation]
 51727 | Slime:5  | Gained mutation: You expend magic power (3 MP) to
                  | strengthen your wands. [potion of mutation]
 51727 | Slime:5  | Gained mutation: Your flesh is cold resistant. (rC+)
                  | [potion of mutation]
 51727 | Slime:5  | Gained mutation: You are frail. (-10% HP) [potion of
                  | mutation]
 51728 | Slime:5  | Lost mutation: Your flesh is cold resistant. (rC+) [potion
                  | of mutation]
 51728 | Slime:5  | Lost mutation: You expend magic power (3 MP) to strengthen
                  | your wands. [potion of mutation]
 51728 | Slime:5  | Gained mutation: You are dopey. (Int -2) [potion of
                  | mutation]
 51728 | Slime:5  | Gained mutation: Your flesh is heat resistant. (rF+)
                  | [potion of mutation]
 51728 | Slime:5  | Gained mutation: Your flesh is very heat resistant. (rF++)
                  | [potion of mutation]
 51729 | Slime:5  | Lost mutation: Your flesh is very heat resistant. (rF++)
                  | [potion of mutation]
 51729 | Slime:5  | Lost mutation: Your flesh is heat resistant. (rF+) [potion
                  | of mutation]
 51729 | Slime:5  | Gained mutation: You are weak. (Str -2) [potion of
                  | mutation]
 51729 | Slime:5  | Gained mutation: You occasionally lose the ability to read
                  | scrolls when taking damage. [potion of mutation]
 51730 | Slime:5  | Lost mutation: You occasionally lose the ability to read
                  | scrolls when taking damage. [potion of mutation]
 51730 | Slime:5  | Lost mutation: You are weak. (Str -2) [potion of mutation]
 51730 | Slime:5  | Gained mutation: You expend magic power (3 MP) to
                  | strengthen your wands. [potion of mutation]
 51730 | Slime:5  | Lost mutation: You are dopey. (Int -2) [potion of mutation]
 51731 | Slime:5  | Lost mutation: You expend magic power (3 MP) to strengthen
                  | your wands. [potion of mutation]
 51731 | Slime:5  | Lost mutation: You are frail. (-10% HP) [potion of
                  | mutation]
 51731 | Slime:5  | Gained mutation: You have hidden genetic potential. [potion
                  | of mutation]
 51783 | Lair:4   | Learned a level 8 spell: Infestation
 52205 | Vaults:5 | Entered Level 5 of the Vaults
 52222 | Vaults:5 | Reached skill level 15 in Fighting
 52224 | Vaults:5 | Noticed an ancient lich
 52254 | Vaults:5 | Killed an ancient lich
 52274 | Vaults:5 | Reached skill level 23 in Necromancy
 52286 | Vaults:5 | Reached skill level 5 in Polearms
 52492 | Vaults:5 | Found Perify Dieh's Armour Boutique.
 52503 | Vaults:5 | Reached skill level 10 in Spellcasting
 52707 | Vaults:5 | Identified the +7 mace of Theory {freeze, Fly Will+ Int+5}
 53013 | Vaults:5 | Got a silver rune of Zot
 53183 | Vaults:5 | Got the Grimoire of the Rank Glacier
 53184 | Vaults:5 | Identified the +2 shortbow of the Hidden Realms {antimagic,
                  | rN+}
 53826 | Zot:1    | Entered Level 1 of the Realm of Zot
 53830 | Zot:1    | Learned a level 2 spell: Passwall
 53839 | Zot:1    | Noticed an orb of fire
 53852 | Zot:1    | Gained mutation: You are frail. (-10% HP) [an orb of fire]
 53853 | Zot:1    | Gained mutation: You are agile. (Dex +4, Str/Int -1) [an
                  | orb of fire]
 53855 | Zot:1    | Killed an orb of fire
 53880 | Zot:1    | Reached skill level 15 in Dodging
 54145 | Zot:1    | Identified the +9 short sword "Qaeggiopti" {heavy, rElec
                  | rF+ rCorr Dex-3}
 54713 | Zot:2    | Reached skill level 10 in Polearms
 54713 | Zot:2    | Gained mutation: A meltable icy envelope protects you from
                  | harm. (AC +8) [demonic ancestry]
 54713 | Zot:2    | Reached XP level 25. HP: 170/171 MP: 37/37
 54741 | Zot:2    | Gained mutation: Your mind is acute. (Int +4, Str/Dex -1)
                  | [hidden potential]
 54766 | Zot:2    | Identified the +6 sling "Impslayer" {antimagic, Str+3}
 56505 | Zot:4    | Identified the +0 ring mail of the Constellations {-Cast
                  | rN+ SInv}
 57216 | Zot:5    | Entered Level 5 of the Realm of Zot
 57606 | Zot:5    | Noticed an orb of fire
 57619 | Zot:5    | Gained mutation: Your body sometimes deteriorates upon
                  | taking damage. [an orb of fire]
 57622 | Zot:5    | Killed an orb of fire
 57623 | Zot:5    | Reached skill level 10 in Armour
 57623 | Zot:5    | Noticed an orb of fire
 57641 | Zot:5    | Killed an orb of fire
 57650 | Zot:5    | Noticed an orb of fire
 57686 | Zot:5    | Killed an orb of fire
 57754 | Zot:5    | Noticed an orb of fire
 57767 | Zot:5    | Killed an orb of fire
 57801 | Zot:5    | Noticed an orb of fire
 57821 | Zot:5    | Gained mutation: Your magical capacity is low. (-10% MP)
                  | [an orb of fire]
 57822 | Zot:5    | Gained mutation: Your body often deteriorates upon taking
                  | damage. [an orb of fire]
 57830 | Zot:5    | Killed an orb of fire
 57934 | Zot:5    | Noticed a Killer Klown
 57950 | Zot:5    | Killed a Killer Klown
 58057 | Zot:5    | Noticed a Killer Klown
 58066 | Zot:5    | Killed a Killer Klown
 58440 | Zot:5    | Noticed an ancient lich
 58441 | Zot:5    | Noticed a dread lich
 58451 | Zot:5    | Noticed an orb of fire
 58455 | Zot:5    | Killed an ancient lich
 58461 | Zot:5    | Killed a dread lich
 58462 | Zot:5    | Gained mutation: You can speak a Word of Chaos. [demonic
                  | ancestry]
 58462 | Zot:5    | Reached XP level 26. HP: 186/186 MP: 1/33
 58462 | Zot:5    | Gained mutation: You have great hidden genetic potential.
                  | [hidden potential]
 58462 | Zot:5    | Lost mutation: You have great hidden genetic potential.
                  | [hidden potential expressed]
 58472 | Zot:5    | Killed an orb of fire
 58492 | Zot:5    | Noticed an orb of fire
 58512 | Zot:5    | Killed an orb of fire
 58915 | Zot:5    | Noticed an ancient lich
 58926 | Zot:5    | Reached skill level 24 in Necromancy
 58930 | Zot:5    | Killed an ancient lich
 59205 | Zot:5    | Got the Orb of Zot
 59557 | D:11     | Noticed Saxihelent the pandemonium lord
 59681 | D:5      | Noticed Xyolat the pandemonium lord
 59794 | D:$      | Escaped with the Orb!

Illustrated notes

Levels and vault maps discovered:
D:1:      minmay_arrival_five_plusses, layout_basic
D:2:      layout_basic, basic_altar, nicolae_ecumenical_pavilion,
          nicolae_elevator_lobby_plus, uniq_natasha
D:3:      layout_loops_ring, gammafunk_ghost_necromancy, dk_vineyard_3,
          uniq_sigmund, uniq_robin, uniq_crazy_yiuf_cottage
D:4:      layout_rooms, mainiacjoe_overflow_cross_hatched, enter_ossuary_2,
          uniq_blork_the_orc
D:5:      layout_basic, uniq_ijyb
D:6:      layout_basic, minmay_temple_entry_sparse_star, gup_sewer_entry_bubbles
D:7:      layout_loops_ring, nicolae_overflow_hidden_temple,
          serial_park_tiny_pond
D:8:      layout_gridville, vehumet_crystals, david_lair_generic
D:9:      layout_basic, david_orc_1_choice, minmay_nine_imps
D:10:     layout_roguey, mainiacjoe_overflow_alcove_2, minmay_diamond_spiral
D:11:     layout_irregular_city, nicolae_trove_entry_free_sample, minmay_puff,
          uniq_amaemon, uniq_josephine
D:12:     layout_loops_cross, uniq_nessos
D:13:     layout_small_grid, skrybe_vaults_entry_preservation
D:14:     layout_basic
D:15:     hangedman_depths_entry_try_elsewhere_first, layout_stronghold,
          hangedman_decor_clover_reticule
Temple:   nicolae_temple_superstar
Lair:1:   layout_roguey, beast_lair_carwin_2
Lair:2:   beast_lair_carwin_large_4, layout_regular_city,
          spider_nest_entry_web_field, nicolae_quartered_pool_little,
          infiniplex_staircase_pool_2
Lair:3:   layout_chaotic_city, minmay_shoals_entry_beasts,
          gammafunk_ghost_abyssal_escape
Lair:4:   layout_cellular_growth, minmay_slime_entry_oklob_enclosed,
          wad_woods_03, lemuel_fruit_tree, grunt_megastairs_5
Lair:5:   minmay_lair_end_enchanted_forest, layout_concentric_octagons
Shoals:1: layout_shoals, ebering_ghost_davey_jones
Shoals:2: layout_shoals, uniq_kirke, uniq_aizul, uniq_roxanne
Shoals:3: layout_shoals, nicolae_shoals_bring_sunscreen, uniq_ilsuiw
Shoals:4: shoals_end_grunt_ice, layout_shoals, uniq_donald
Spider:1: layout_cave_pods, drop_trap
Spider:2: layout_spider_delve, portal_ice_cave_entry_ugly_swarm, drop_trap,
          hangedman_spider_trapstep
Spider:3: layout_chambers, hellmonk_test_site
Spider:4: spider_rune_water, uniq_mlioglotl, uniq_asterion
Slime:1:  layout_caves
Slime:2:  layout_caves, cheibrodos_slime_lost_civilization_7
Slime:3:  layout_caves, cheibrodos_slime_lost_civilization_5
Slime:4:  layout_caves, cheibrodos_slime_lost_civilization_6
Slime:5
Orc:1:    layout_caves, serial_shops, nicolae_shop_behind_doors,
          bh_open_orc_temple
Orc:2:    st_orc_elflike, layout_caves, serial_shops, shop,
          nicolae_shop_clearance
Elf:1:    elf_arrival_002, layout_geoelf_octagon, serial_shops,
          nicolae_shop_hallway_stairs, minmay_elf_annihilation,
          chequers_big_river, dk_noncrumbling_2
Elf:2:    elven_hall_of_blades_hangedman_original [mumra_blade_entry_dagger],
          layout_geoelf_octagon, nicolae_wooded_promenade, uniq_louise
Elf:3:    grunt_elf_hall_asides, layout_onion_city
Vaults:1: v_pattern_1, vaults_room_hangedman_quadrants, vaults_dpeg_diagonal,
          vaults_dpeg_encased_lava, nicolae_vaults_diagonal_hallway_7,
          v_alt_pattern_1, serial_ice_b, grunt_vaults_diagonal,
          hangedman_vaults_river_flow, v_misc_10,
          nicolae_vaults_mini_display_case, nicolae_vaults_little_squares_4,
          ontoclasm_vaults_twist, layout_vaults_chaotic_city
Vaults:2: minmay_crypt_entry_simple_round, serial_ice_b,
          nicolae_vaults_yaktaur_gun_rack, st_more_cells,
          nicolae_vaults_big_angled_halls, nicolae_vaults_border_crossing,
          nicolae_vaults_gold_heap, v_misc_4, layout_vaults_quadrants
Vaults:3: portal_desolation_entry_holy_temple, grunt_vaults_trifunnel,
          v_rooms_5, nicolae_vaults_little_squares_2, vaults_room_hallway,
          nicolae_vaults_angled_halls, hangedman_vaults_maws,
          nicolae_vaults_shelves_hall, v_misc_29, hangedman_vaults_snaps,
          vaults_room_fours, nicolae_vaults_little_squares_5,
          layout_vaults_ring, uniq_saint_roka, uniq_xtahua
Vaults:4: ontoclasm_vaults_pinch, vaults_dpeg_hooks, v_pattern_4,
          dpeg_vaults_monster_row, vaults_standard_mumra_x,
          nicolae_vaults_arrows, ontoclasm_vaults_spin, vaults_mumra_hexcomb,
          nicolae_vaults_little_squares_1, dpeg_vaults_pockets_of_resistance,
          layout_vaults_omnibox
Vaults:5
Depths:1: hellmonk_crumbling_castle, layout_basic, serial_shops,
          nicolae_shop_behind_doors, abyss_entry, hell_entry,
          minmay_hidden_floor
Depths:2: giant_chief_lemuel, layout_gridlike, rand_demon_pan_entry_3,
          hangedman_coc_ice_floe, chequers_serial_rivers_micro_e,
          grunt_ministairs_13, infiniplex_staircase_pillars_1
Depths:3: nicolae_cairo_tiling_very_big, layout_cave_pools,
          rand_demon_pan_entry_4, pf_hell_entry_great_geh, abyss_entry,
          nicolae_ru_sacrificial_ziggurat, nicolae_yredelemnul_corpse_copse,
          uniq_mara
Depths:4: evilmike_zot_entry_round, layout_cave_pools, enter_ziggurat_f,
          grunt_hell_entry_dis_old, minmay_room_of_horrors,
          serial_sigils_hangedman_gut, nicolae_transporter_intersection,
          minmay_shop_star, serial_bayou_shore_b
Zot:1:    lemuel_draconian_sentries_small, layout_basic
Zot:2:    layout_cathedral_of_symmetry, hangedman_zot_gyre,
          hangedman_zot_diagonal_lockstep
Zot:3:    layout_onion, grunt_megastairs_1
Zot:4:    layout_twisted_circle, uniq_vv
Zot:5:    layout_basic

Skill      XL: |  1  2  3  4  5  6  7  8  9 10 11 12 13 14 15 16 17 18 19 20 21 22 23 24 25 26 |
---------------+-------------------------------------------------------------------------------+-----
Stealth        | 1 2 3 5 7 8 10 | 10.0
Fighting       | 2 3 4 5 7 8 10 12 13 14 15 16 17 | 17.4
Short Blades   | 1 2 3 5 6 7 9 10 11 12 13 14 | 14.0
Evocations     | 4 5 6 7 8 10 11 12 13 14 15 16 17 | 17.5
Armour         | 2 3 5 7 8 9 10 11 | 11.3
Dodging        | 1 3 5 6 8 9 11 13 15 16 | 16.6
Conjurations   | 3 5 6 |  6.0
Hexes          | 3 5 6 7 |  7.5
Necromancy     | 2 5 9 11 13 16 18 19 20 21 22 23 24 | 24.1
Spellcasting   | 2 4 5 7 9 10 | 10.0
Shields        | 3 5 7 10 12 13 15 16 | 16.8
Earth Magic    | 3 5 |  5.0
Translocations | 2 5 |  5.0
Ice Magic      | 2 5 7 8 |  8.0
Polearms       | 3 10 12 | 12.0

Action                   |  1- 3 |  4- 6 |  7- 9 | 10-12 | 13-15 | 16-18 | 19-21 | 22-24 | 25-27 || total
-------------------------+-------+-------+-------+-------+-------+-------+-------+-------+-------++-------
Melee: Short sword       |   134 |    43 |       |       |       |       |       |       |       ||   177
       Punch             |     3 |     5 |     9 |    17 |     8 |       |       |       |       ||    42
       Dagger            |       |   256 |   538 |   369 |       |       |       |       |       ||  1163
       Kick              |       |       |   122 |   317 |   476 |   405 |   520 |   691 |   286 ||  2817
       Rapier            |       |       |       |   416 |  1215 |  1041 |  1176 |   950 |   139 ||  4937
       Unarmed           |       |       |       |       |       |     2 |       |       |       ||     2
       Lance             |       |       |       |       |       |       |     2 |   307 |   502 ||   811
Throw: Dart              |       |     3 |    17 |    10 |       |       |       |       |       ||    30
       Throwing net      |       |       |       |       |       |     1 |     3 |       |       ||     4
 Cast: Dazzling Flash    |       |       |       |    18 |    58 |    15 |     1 |       |       ||    92
       Anguish           |       |       |       |       |    19 |    43 |     9 |     8 |       ||    79
       Dispel Undead     |       |       |       |       |    21 |    15 |     6 |    12 |     6 ||    60
       Confusing Touch   |       |       |       |       |     2 |     1 |       |       |       ||     3
       Death Channel     |       |       |       |       |       |    29 |    18 |    20 |    10 ||    77
       Animate Dead      |       |       |       |       |       |     2 |       |       |       ||     2
       Borgnjor's Vile C |       |       |       |       |       |     5 |     5 |     2 |     1 ||    13
       Blink             |       |       |       |       |       |       |     1 |       |       ||     1
       Ozocubu's Armour  |       |       |       |       |       |       |       |     3 |     1 ||     4
       Simulacrum        |       |       |       |       |       |       |       |    10 |     3 ||    13
       Infestation       |       |       |       |       |       |       |       |     7 |    13 ||    20
Invok: Brand Weapon With |       |       |       |       |     1 |       |       |       |       ||     1
       Unearth Wretches  |       |       |       |       |       |     1 |     7 |     8 |    15 ||    31
       Torment           |       |       |       |       |       |       |       |     1 |       ||     1
 Abil: Evoke Invisibilit |       |       |       |       |     2 |    12 |     7 |     3 |     5 ||    29
Evoke: Wand              |     9 |     7 |    13 |     8 |     7 |     5 |     3 |     4 |     1 ||    57
       Tin of tremorston |       |       |       |     3 |     6 |     7 |     7 |     2 |       ||    25
       Box of beasts     |       |       |       |     2 |     3 |     2 |     3 |       |       ||    10
       Lightning rod     |       |       |       |       |     2 |       |       |       |       ||     2
       Condenser vane    |       |       |       |       |     2 |     3 |     4 |     3 |     3 ||    15
  Use: Scroll            |     2 |     8 |     8 |    13 |    12 |    19 |    13 |    11 |     7 ||    93
       Potion            |       |       |       |     1 |     7 |    24 |     9 |    17 |    10 ||    68
 Stab: Sleeping          |     1 |     2 |    10 |    20 |    62 |    58 |    60 |    40 |     9 ||   262
       Betrayed ally     |       |       |     1 |       |       |       |       |       |       ||     1
       Distracted        |       |       |       |     4 |     1 |    16 |    14 |    34 |    16 ||    85
       Paralysed         |       |       |       |    17 |    48 |    45 |    30 |    24 |     8 ||   172
       Invisible         |       |       |       |    11 |    46 |    65 |    30 |    22 |    43 ||   217
       Confused          |       |       |       |       |     1 |       |       |       |       ||     1
       Held in net/web   |       |       |       |       |       |     1 |     2 |       |       ||     3
       Petrifying        |       |       |       |       |       |       |       |     3 |       ||     3
       Petrified         |       |       |       |       |       |       |       |     2 |       ||     2
Armor: Leather armour    |    23 |       |       |       |       |       |       |       |       ||    23
       Ring mail         |     8 |    28 |       |       |       |       |       |       |       ||    36
       Scale mail        |       |    66 |   208 |   230 |   345 |   188 |   138 |   120 |       ||  1295
       Fire dragon scale |       |       |       |       |       |       |       |    94 |    65 ||   159
Dodge: Dodged            |    55 |   118 |   220 |   270 |   557 |   433 |   288 |   510 |   224 ||  2675
Block: Other             |       |       |       |   175 |   182 |       |       |       |       ||   357
       Reflection        |       |       |       |       |     8 |       |       |       |       ||     8
       Buckler           |       |       |       |       |   430 |   308 |       |       |       ||   738
       Kite shield       |       |       |       |       |       |   114 |   655 |   892 |   336 ||  1997

Table legend: (Time is in decaauts)
 A = Elapsed time spent in this place.
 B = Non-inter-level travel time spent in this place.
 C = Inter-level travel time spent in this place.
 D = Time resting spent in this place.
 E = Time spent auto-exploring this place.
 F = Levels seen in this place.
 G = Mean time per level.
                   A        B        C        D        E       F      G
               +--------+--------+--------+--------+--------+-----+--------+
         Total |  57858 |  51078 |   6780 |    533 |  37114 |  58 |  997.6 |
       Dungeon |  17234 |  13906 |   3328 |    112 |  10112 |  15 | 1148.9 |
        Temple |     53 |     42 |     11 |      0 |     27 |   1 |   53.0 |
          Lair |   5774 |   5017 |    757 |     54 |   3857 |   5 | 1154.8 |
        Shoals |   4234 |   3959 |    275 |      0 |   2850 |   4 | 1058.5 |
   Spider Nest |   4390 |   4146 |    244 |    192 |   3028 |   4 | 1097.5 |
    Slime Pits |    603 |    561 |     42 |     22 |    144 |   5 |  120.6 |
  Orcish Mines |   1727 |   1268 |    459 |      0 |    982 |   2 |  863.5 |
   Elven Halls |   4146 |   3944 |    202 |     23 |   2956 |   3 | 1382.0 |
        Vaults |   6898 |   6160 |    738 |      0 |   4879 |   5 | 1379.6 |
        Depths |   4814 |   4306 |    508 |     13 |   3026 |   4 | 1203.5 |
           Zot |   5159 |   4946 |    213 |     74 |   3619 |   5 | 1031.8 |
         Abyss |    172 |    172 |      0 |      0 |    115 |   1 |  172.0 |
         Sewer |    171 |    171 |      0 |      0 |    110 |   1 |  171.0 |
       Ossuary |    339 |    339 |      0 |      0 |     77 |   1 |  339.0 |
      Ice Cave |   1173 |   1173 |      0 |     43 |    790 |   1 | 1173.0 |
    Desolation |    965 |    965 |      0 |      0 |    539 |   1 |  965.0 |
               +--------+--------+--------+--------+--------+-----+--------+

Top non-repeatable levels by time:
   Elf:3: 2002 daAuts
     D:3: 1982 daAuts
   Zot:5: 1881 daAuts
     D:9: 1706 daAuts
    D:11: 1605 daAuts
Vaults:4: 1573 daAuts
Spider:4: 1523 daAuts
Vaults:1: 1441 daAuts
  Lair:5: 1437 daAuts
     D:2: 1410 daAuts
    D:15: 1394 daAuts
Vaults:2: 1369 daAuts
Vaults:3: 1359 daAuts
Depths:4: 1279 daAuts
Spider:3: 1267 daAuts
